 Dungeon Crawl Stone Soup version 0.29.0-4-gdea44cf6ec (webtiles) character file.

Game seed: 5814395200085995244

183 qw the Ruffian (level 5, 0/41 HPs)
             Began as a Ghoul Fire Elementalist on Aug 29, 2022.
             Slain by a goblin
             ... wielding a +0 dagger
             ... led by Robin
              (4 damage)
             ... on level 3 of the Dungeon.
             The game lasted 00:03:03 (3385 turns).

qw the Ruffian (Ghoul Fire Elementalist)            Turns: 3385, Time: 00:03:03

Health: 0/41       AC: 13    Str: 14    XL:     5   Next: 62%
Magic:  6/6        EV:  6    Int: 10    God:
Gold:   107        SH:  0    Dex:  9    Spells: 6/7 levels left

rFire   . . .      SeeInvis .     - Unarmed
rCold   + . .      Faith    .   (no shield)
rNeg    + + +      Spirit   .   e - +0 chain mail
rPois   inf        Reflect  .   (no helmet)
rElec   .          Harm     .   a - +0 cloak
rCorr   .          Rampage  .   (no gloves)
Will    .....                   (no boots)
Stlth   ..........              (no amulet)
HPRegen 0.00/turn               d - +4 ring of protection
MPRegen 0.10/turn               (no ring)

@: inhibited regen
A: claws 1, cold resistance 1, negative energy resistance 3, inhibited
regeneration, torment resistance 2, devour on kill
a: no special abilities


You were on level 3 of the Dungeon.
You visited 1 branch of the dungeon, and saw 5 of its levels.

You collected 107 gold pieces.


Innate Abilities, Weirdness & Mutations

You are immune to poison.
You have sharp fingernails.
Your flesh is cold resistant. (rC+)
You are immune to negative energy. (rN+++)
You do not regenerate when monsters are visible.
You are immune to unholy pain and torment.
You thrive by killing the living.


   Skills:
 - Level 2.0 Fighting
 - Level 1.6 Armour
 - Level 1.7 Dodging
 - Level 2.1 Stealth
 + Level 4.6 Unarmed Combat
 - Level 1.7 Spellcasting
 - Level 0.7 Conjurations
 - Level 2.4 Fire Magic


You had 6 spell levels left.
You knew the following spells:

 Your Spells              Type           Power      Damage    Failure   Level
a - Foxfire               Conj/Fire      16%        2x1d4     99%         1

Your spell library contained the following spells:

 Spells                   Type           Power      Damage    Failure   Level
 Scorch                   Fire           10%        2d6       99%         2
 Conjure Flame            Conj/Fire      4%         6-21      100%        3
 Inner Flame              Hex/Fire       3%         N/A       100%        3
 Flame Wave               Conj/Fire      4%         2d5       100%        4

Inventory:

Armour
 a - a +0 cloak (worn)
 e - a +0 chain mail (worn)
Jewellery
 d - a +4 ring of protection (left claw)
Potions
 c - a potion of invisibility {unknown}
 f - a potion of lignification {unknown}
 g - 2 potions of might
 i - a potion of mutation {unknown}
 l - a potion of attraction {unknown}

Dungeon Overview and Level Annotations

Branches:
Dungeon (5/15)
 Temple: D:4-7

Altars:

Annotations:
D:3 Grinder


Message History

The goblin closely misses you. Grinder hits you but does no damage.
The goblin hits you but does no damage. Robin hits you with a +0 club.
The goblin hits you with a +0 dagger.
You scratch Grinder.
Grinder is severely wounded.
The goblin hits you but does no damage.
Grinder blinks!
The goblin hits you but does no damage. Robin barely misses you.
The goblin closely misses you.
You barely miss Robin. The goblin hits you but does no damage.
Grinder blinks!
The goblin hits you but does no damage. Robin hits you but does no damage.
The goblin barely misses you.
You closely miss Robin. The orc barely misses you.
The goblin hits you but does no damage. x2
Robin hits you but does no damage. The goblin barely misses you.
You scratch Robin.
Robin is lightly wounded.
The orc hits you but does no damage.
The goblin hits you but does no damage. x2
Robin hits you but does no damage. The goblin hits you but does no damage.
You scratch Robin.
Robin is lightly wounded.
The orc hits you with a +0 flail. The goblin closely misses you.
The goblin hits you but does no damage. Robin closely misses you.
The goblin hits you but does no damage.
You scratch Robin.
Robin is heavily wounded.
The orc hits you but does no damage. The goblin hits you with a +0 dagger.
The goblin hits you but does no damage. x2
You completely miss Robin.
Robin is heavily wounded.
You claw Robin!
Robin is almost dead.
The orc barely misses you. The goblin hits you with a +0 dagger.
The goblin hits you but does no damage. Robin hits you but does no damage.
The goblin hits you but does no damage.
You claw Robin!
You kill Robin!
The goblin barely misses you. The orc hits you but does no damage.
The goblin hits you with a +0 dagger.
You die...

##...# .........g....
.#...# #######..#.###)##
.....# ................
.....# ###..(.....).g....
...#######
..+........).Kg...
.#.......##
##.##.......#######.
##.......##.
#..##.......# .
#.......##.##.###o......#
.
#.......##....g@go......#
.
#.......#.....g)o.......#
#.......####'###K#####..#
#.......'...>.##.# .#
#.......##....##.# ..
#.......##....##.# .o
#....:...+....##.# .
#######.##....##.#
#.##.....#


You could see 3 orcs, 3 goblins and a kobold.

Vanquished Creatures
  An orc priest (D:3)
  Terence (D:2)
  Robin (D:3)
  4 adders
  3 worms (D:2)
  2 dart slugs
  5 orcs (D:3)
  7 bats
  5 endoplasms
  4 giant cockroaches
  12 goblins
  3 hobgoblins
  3 jackals
  4 kobolds
  3 quokkas
  7 ball pythons
  3 frilled lizards
  9 rats
77 creatures vanquished.

Vanquished Creatures (others)
  3 plants (D:1)
3 creatures vanquished.

Grand Total: 80 creatures vanquished

Notes
Turn   | Place    | Note
-------+----------+-------------------------------------------
     0 | D:1      | qw the Ghoul Fire Elementalist began the quest for the Orb.
     0 | D:1      | Reached XP level 1. HP: 14/14 MP: 2/2
     0 | D:1      | 0 ||| qw: Version: 0.1-a-90-g952f4b7
     0 | D:1      | 0 ||| qw: Game counter: 3694
     0 | D:1      | 0 ||| qw: Always use a shield: true
     0 | D:1      | 0 ||| qw: God list: Okawaru
     0 | D:1      | 0 ||| qw: Allow faded altars: false
     0 | D:1      | 0 ||| qw: Do Orc after D:15 true
     0 | D:1      | 0 ||| qw: Do second Lair branch before Depths: true
     0 | D:1      | 0 ||| qw: Lair rune preference: random
     0 | D:1      | 0 ||| qw: Plans: Normal
     0 | D:1      | 0 ||| PLANNING D:1-11
    23 | D:1      | Found a faded altar of an unknown god.
   118 | D:1      | Reached skill level 1 in Unarmed Combat
   133 | D:1      | Reached skill level 1 in Fighting
   133 | D:1      | Reached XP level 2. HP: 12/23 MP: 3/3
   678 | D:1      | Reached skill level 2 in Unarmed Combat
   724 | D:1      | 724 ||| Stepping ~*~*~tactically~*~*~ (stealth).
   885 | D:1      | Reached XP level 3. HP: 28/28 MP: 4/4
   895 | D:1      | 895 ||| Stepping ~*~*~tactically~*~*~ (stealth).
  1383 | D:1      | 1383 ||| UPGRADING to +0 leather armour.
  1393 | D:1      | 1393 ||| DROPPING +0 robe.
  1394 | D:1      | 1394 ||| DROPPING scarf of harm.
  1395 | D:1      | 1395 ||| UPGRADING to +4 ring of protection.
  1396 | D:1      | 1396 ||| READING 2 scrolls labelled FOMALESU SONI.
  1397 | D:1      | 1397 ||| READING scroll labelled GUTAMU BISU.
  1398 | D:1      | 1398 ||| READING scroll labelled GAXAZO SAXKY.
  1399 | D:1      | 1399 ||| READING scroll labelled UDUROZ ROEGOQ.
  1404 | D:1      | 1404 ||| DROPPING potion of magic.
  1405 | D:1      | 1405 ||| DROPPING scroll of immolation.
  1501 | D:2      | 1501 ||| Stepping ~*~*~tactically~*~*~ (stealth).
  1511 | D:2      | Reached skill level 3 in Unarmed Combat
  1719 | D:2      | Reached XP level 4. HP: 35/35 MP: 5/5
  1719 | D:2      | 1719 ||| Stepping ~*~*~tactically~*~*~ (stealth).
  1743 | D:2      | 1743 ||| Stepping ~*~*~tactically~*~*~ (stealth).
  1744 | D:2      | 1744 ||| Stepping ~*~*~tactically~*~*~ (stealth).
  1745 | D:2      | 1745 ||| Stepping ~*~*~tactically~*~*~ (stealth).
  1746 | D:2      | 1746 ||| Stepping ~*~*~tactically~*~*~ (stealth).
  1747 | D:2      | 1747 ||| Stepping ~*~*~tactically~*~*~ (stealth).
  1748 | D:2      | 1748 ||| Stepping ~*~*~tactically~*~*~ (stealth).
  1749 | D:2      | 1749 ||| Stepping ~*~*~tactically~*~*~ (stealth).
  1750 | D:2      | 1750 ||| Stepping ~*~*~tactically~*~*~ (stealth).
  1763 | D:2      | 1763 ||| Stepping ~*~*~tactically~*~*~ (stealth).
  1764 | D:2      | 1764 ||| Stepping ~*~*~tactically~*~*~ (stealth).
  1803 | D:2      | 1803 ||| Stepping ~*~*~tactically~*~*~ (stealth).
  1804 | D:2      | 1804 ||| Stepping ~*~*~tactically~*~*~ (stealth).
  2275 | D:2      | Reached skill level 4 in Unarmed Combat
  2438 | D:2      | 2438 ||| UPGRADING to +0 cloak.
  2443 | D:2      | 2443 ||| UPGRADING to +0 ring mail.
  2453 | D:2      | 2453 ||| UPGRADING to +0 chain mail.
  2463 | D:2      | 2463 ||| DROPPING +0 ring mail.
  2464 | D:2      | 2464 ||| DROPPING +0 leather armour.
  2465 | D:2      | 2465 ||| READING scroll labelled VYNWUH HIFROPE.
  2466 | D:2      | 2466 ||| DRINKING 3 dark potions.
  2507 | D:3      | Reached skill level 1 in Armour
  2507 | D:3      | Reached XP level 5. HP: 36/41 MP: 6/6
  2507 | D:3      | 2507 ||| FLEEEEING.
  2508 | D:3      | 2508 ||| FLEEEEING.
  2509 | D:3      | 2509 ||| Stepping ~*~*~tactically~*~*~ (outnumbered).
  2511 | D:3      | 2511 ||| Stepping ~*~*~tactically~*~*~ (outnumbered).
  2512 | D:3      | 2512 ||| Stepping ~*~*~tactically~*~*~ (outnumbered).
  2513 | D:3      | 2513 ||| Stepping ~*~*~tactically~*~*~ (outnumbered).
  2514 | D:3      | 2514 ||| Stepping ~*~*~tactically~*~*~ (outnumbered).
  2515 | D:3      | 2515 ||| Stepping ~*~*~tactically~*~*~ (outnumbered).
  2516 | D:3      | 2516 ||| Stepping ~*~*~tactically~*~*~ (outnumbered).
  2636 | D:3      | You fall into a shaft and drop 2 floors!
  2636 | D:5      | Entered Level 5 of the Dungeon
  2682 | D:3      | Noticed Grinder
  2682 | D:3      | Noticed Robin
  2683 | D:3      | 2683 ||| Stepping ~*~*~tactically~*~*~ (hiding).
  2686 | D:3      | 2686 ||| Stepping ~*~*~tactically~*~*~ (outnumbered).
  2690 | D:3      | 2690 ||| Stepping ~*~*~tactically~*~*~ (outnumbered).
  2691 | D:3      | 2691 ||| Stepping ~*~*~tactically~*~*~ (outnumbered).
  2692 | D:3      | 2692 ||| Stepping ~*~*~tactically~*~*~ (outnumbered).
  2693 | D:3      | 2693 ||| Stepping ~*~*~tactically~*~*~ (hiding).
  2697 | D:3      | 2697 ||| Stepping ~*~*~tactically~*~*~ (outnumbered).
  2698 | D:3      | 2698 ||| Stepping ~*~*~tactically~*~*~ (outnumbered).
  2709 | D:3      | Paralysed by Grinder for 5 turns
  2720 | D:3      | HP: 10/41 [hobgoblin[Robin] (5)]
  2721 | D:3      | 2721 ||| READING scroll of teleportation.
  2748 | D:3      | 2748 ||| FLEEEEING.
  2749 | D:3      | 2749 ||| FLEEEEING.
  2750 | D:3      | 2750 ||| FLEEEEING.
  2750 | D:3      | Noticed Terence
  2751 | D:3      | 2751 ||| STAIRDANCE
  2987 | D:3      | 2987 ||| STAIRDANCE
  2989 | D:2      | 2989 ||| Stepping ~*~*~tactically~*~*~ (outnumbered).
  3009 | D:2      | Killed Terence
  3245 | D:3      | 3245 ||| STAIRDANCE
  3351 | D:3      | 3351 ||| Stepping ~*~*~tactically~*~*~ (stealth).
  3352 | D:3      | 3352 ||| Stepping ~*~*~tactically~*~*~ (stealth).
  3359 | D:3      | 3359 ||| Stepping ~*~*~tactically~*~*~ (hiding).
  3360 | D:3      | 3360 ||| Stepping ~*~*~tactically~*~*~ (hiding).
  3361 | D:3      | 3361 ||| Stepping ~*~*~tactically~*~*~ (outnumbered).
  3362 | D:3      | 3362 ||| Stepping ~*~*~tactically~*~*~ (outnumbered).
  3363 | D:3      | 3363 ||| Stepping ~*~*~tactically~*~*~ (outnumbered).
  3369 | D:3      | 3369 ||| Stepping ~*~*~tactically~*~*~ (outnumbered).
  3381 | D:3      | HP: 8/41 [orc/+0 flail (3)]
  3385 | D:3      | Killed Robin
  3385 | D:3      | Slain by a goblin

Levels and vault maps discovered:
D:1:      minmay_arrival_stair_chambers, layout_loops_cross, serial_forest,
          infiniplex_forest_clump_C, infiniplex_forest_end_1,
          infiniplex_forest_side_room, infiniplex_forest_lined_room_3,
          infiniplex_forest_diagonal, infiniplex_forest_end_2,
          infiniplex_forest_corner_1, basic_ecumenical_altar
D:2:      layout_basic
D:3:      layout_basic, mainiacjoe_overflow_chevrons, uniq_crazy_yiuf_cottage,
          uniq_terence, uniq_robin, uniq_grinder
D:4:      layout_loops_ring, serial_shops, nicolae_shop_crystal, serial_forest,
          infiniplex_forest_lined_3_way, infiniplex_forest_clump_long,
          infiniplex_forest_pool, infiniplex_forest_zigzag_1,
          infiniplex_forest_clump_cross, infiniplex_forest_pool,
          infiniplex_forest_clump_tiny, infiniplex_forest_lined_corner,
          hangedman_decor_peaks_small
D:5:      layout_rooms, uniq_prince_ribbit1

Skill      XL: |  1  2  3  4  5 |
---------------+----------------+-----
Unarmed Combat | 1 2 3 4 |  4.6
Fighting       | 1 2 |  2.0
Armour         | 1 |  1.6
Dodging        | |  1.7
Stealth        | |  2.1
Spellcasting   | |  1.7
Conjurations   | |  0.7
Fire Magic     | |  2.4

Action                   |  1- 3 |  4- 6 || total
-------------------------+-------+-------++-------
Melee: Unarmed           |   153 |   136 ||   289
       Punch             |     2 |     3 ||     5
Throw: Javelin           |       |    17 ||    17
       Boomerang         |       |     2 ||     2
  Use: Scroll            |     4 |     2 ||     6
       Potion            |       |     1 ||     1
 Stab: Sleeping          |     2 |       ||     2
Armor: Robe              |    19 |       ||    19
       Leather armour    |    17 |    16 ||    33
       Chain mail        |       |   193 ||   193
Dodge: Dodged            |    94 |    77 ||   171

Table legend:
 A = Non-vault XP
 B = Vault XP
 C = Vault XP percentage of total XP
 D = Non-vault monster count
 E = Vault monster count
 F = Vault count percentage of total count
                 A         B        C        D         E       F
            +---------+---------+-------+---------+---------+-------
      Total |     216 |      62 |  22.3 |      69 |       8 |  10.4
            +---------+---------+-------+---------+---------+-------
        D:1 |      46 |       0 |   0.0 |      28 |       0 |   0.0
        D:2 |      92 |      36 |  28.1 |      28 |       1 |   3.4
        D:3 |      78 |      26 |  25.0 |      13 |       7 |  35.0
            +---------+---------+-------+---------+---------+-------
